 Dungeon Crawl Stone Soup version 0.31-a0-108-gdf935468f2 (webtiles) character file.

Game seed: 4929426188199828933

2033 Drazool the Basher (level 9, -11/65 HPs)
             Began as an Armataur Fighter on May 27, 2023.
             Mangled by an orc warrior
             ... wielding a +0 battleaxe
              (18 damage)
             ... on level 5 of the Dungeon.
             The game lasted 00:18:05 (5136 turns).

Drazool the Basher (Armataur Fighter)               Turns: 5136, Time: 00:18:06

Health: -11/65     AC:  8    Str: 28    XL:     9   Next: 3%
Magic:  9/9        EV:  7    Int: 16    God:
Gold:   354        SH:  0    Dex:  9    Spells: 8/8 levels left

rFire   . . .        r - +1 whip (venom)
rCold   + . .        c - +0 buckler
rNeg    + . .        b - +0 scale mail
rPois   .            (no helmet)
rElec   .            h - scarf {repulsion}
rCorr   .            u - +0 pair of gloves {Str+3}
SInv    +            (no barding)
Will    .....        D - amulet of regeneration Stlth
                     I - +6 ring of intelligence
HPRegen 0.00/turn    N - ring of positive energy
MPRegen 0.11/turn

%: repel missiles, roll
@: confused, ambrosia-drunk, inhibited regen, studying Stealth
A: large, rugged brown scales 3, deformed body, armoured tail, roll, long
tongue, awkward tongue, see invisible, cold resistance 1, frail 1, inhibited
regeneration, subdued magic 1
a: no special abilities


You were on level 5 of the Dungeon.
You visited 2 branches of the dungeon, and saw 7 of its levels.

You collected 354 gold pieces.


Innate Abilities, Weirdness & Mutations

You are completely covered in rugged brown scales. (AC +3, +7% HP)
Armour fits poorly on your strangely shaped body.
You have a long armoured tail.
You roll when moving toward enemies. (Rampage)
Your long tongue fully drains potion bottles. (2x potion effects)
Your tongue gives you trouble enunciating. (1.5x scroll delay)
You have supernaturally acute eyesight. (SInv)
Your flesh is cold resistant. (rC+)
You are frail. (-10% HP)
You do not regenerate when monsters are visible.
Your spells are a little easier to cast, but a little less powerful.


   Skills:
 - Level 2.6 Fighting
 + Level 11.0 Maces & Flails
 - Level 3.6 Armour
 - Level 3.2 Shields


You had 8 spell levels left.
You didn't know any spells.
Your spell library contained the following spells:

 Spells                   Type           Power      Damage    Failure   Level
 Beastly Appendage        Tmut           0%         N/A       50%         1
 Wereblood                Tmut           0%         N/A       63%         2
 Spider Form              Tmut/Pois      0%         N/A       86%         3

Inventory:

Hand Weapons
 a - a +0 flail
 m - a +2 whip of freezing
 r - a +1 whip of venom (weapon)
Missiles
 j - 4 curare-tipped darts {=f}
 x - 3 throwing nets {=f}
 E - 16 poisoned darts (quivered)
Armour
 b - a +0 scale mail (worn)
 c - a +0 buckler (worn)
 e - a +0 helmet
 f - a +0 chain mail
 h - a scarf of repulsion (worn)
 u - a +0 pair of gloves of strength (worn)
Magical Staves
 w - a staff of fire {!a}
Jewellery
 D - an amulet of regeneration (around neck)
 F - an amulet of the acrobat
 I - a +6 ring of intelligence (left hand)
 N - a ring of positive energy (right hand)
Wands
 i - a wand of flame (8)
 s - a wand of roots (3)
 y - a wand of digging (2)
Scrolls
 q - 2 scrolls of enchant weapon
 v - a scroll of vulnerability
 B - 2 scrolls of teleportation {@r2}
Potions
 d - a potion of might
 k - a potion of resistance
 l - a potion of heal wounds {unknown}
 n - a potion of degeneration {unknown}
 o - 4 potions of curing {unknown}
 p - a potion of enlightenment {unknown}
 t - a potion of attraction {unknown}
 z - 2 potions of berserk rage {unknown}
 H - a potion of cancellation {unknown}

Dungeon Overview and Level Annotations

Branches:
Dungeon (6/15)             Temple (1/1) D:4

Altars:
Cheibriados
Dithmenos
Elyvilon
Fedhas
Gozag
Hepliaklqana
Kikubaaqudgha
Nemelex Xobeh
Sif Muna
Uskayaw
Vehumet
Wu Jian
Xom
The Shining One

Annotations:
D:5 2 transporters, domi's ghost, weakling SpWr

#..........#
#.......#.....
#.......^..####
#.......'..###
#######.......#
#.......###### #...)...#
##............ #.......#
#..#########. #.......#
##..####....#.
##......###...........#.
##.#....##..######.####.
#PPP.P.@'...............
#P...P.o##########.#####
#P...P### #.#....
#P...P# #.#.###


#PPPPP# #.#.# # ####### #.#.# # #.#.### #...... ###.### You could see an orc
warrior.


Message History

The orc wizard flickers and vanishes for a moment.
The orc warrior attacks as you move away!
The orc warrior hits you with a +0 battleaxe.
The orc warrior attacks as you move away!
The orc warrior completely misses you.
There is a stone staircase leading up here.
The orc priest mumbles some strange prayers to Beogh against you.
Beogh smites you!
* * * LOW HITPOINT WARNING * * *
The orc warrior hits you with a +0 battleaxe.
* * * LOW HITPOINT WARNING * * *
You climb upwards.
Level annotation: 2 transporters, domi's ghost, weakling SpWr
There is a stone staircase leading down here.
You hit the orc warrior but do no damage.
You block the orc warrior's attack.
Unknown command.
You hit the orc warrior. You tail-slap the orc warrior!
The orc warrior is heavily wounded.
You hit the orc warrior but do no damage.
Your tail-slap misses the orc warrior.
The orc warrior is heavily wounded.
The orc warrior hits you with a +0 battleaxe!
* * * LOW HITPOINT WARNING * * *
Unknown command.
You are confused.
You feel invigorated.
You slurp down every last drop of the potion of ambrosia!
The orc warrior hits you with a +0 battleaxe!!
You die...

Skill      XL: |  1  2  3  4  5  6  7  8 |
---------------+-------------------------+-----
Maces & Flails | 2 3 4 6 8 11 | 11.0
Fighting       | |  2.6
Armour         | |  3.6
Shields        | |  3.2

Action                     |  1- 3 |  4- 6 |  7- 9 || total
---------------------------+-------+-------+-------++-------
  Melee: Flail             |   105 |    33 |       ||   138
         Tailslap          |    10 |    19 |    28 ||    57
         Whip              |       |   141 |   224 ||   365
         Headbutt          |       |       |     3 ||     3
  Throw: Dart              |       |       |     4 ||     4
  Evoke: Wand              |       |     2 |     6 ||     8
    Use: Scroll            |       |     5 |     6 ||    11
         Potion            |       |       |     3 ||     3
 Armour: Scale mail        |    59 |    53 |    53 ||   165
  Dodge: Dodged            |    28 |    46 |    35 ||   109
         Repelled          |       |       |     1 ||     1
  Block: Buckler           |    20 |    19 |    20 ||    59

Levels and vault maps discovered:
D:1:      dpeg_arrival_long_road, layout_rooms
D:2:      layout_rooms, hellmonk_ecumenical_altar_zigzags
D:3:      layout_basic, mainiacjoe_overflow_cross_hatched, minmay_pentangle
D:4:      layout_loops_ring, grunt_temple_overflow_opulence,
          mainiacjoe_overflow_brackets, nicolae_overflow_crystal_walls,
          minmay_temple_entry_statues_pillars, uniq_eustachio, uniq_robin,
          uniq_pikel
D:5:      layout_basic, mainiacjoe_overflow_boulevard, gammafunk_ghost_hive,
          minmay_gold_behind_fungi, minmay_manual_moon
D:6:      layout_gridville, serial_shops, shop, corexii_hall_statues_t
Temple:   nicolae_temple_bog_church

Notes
Turn   | Place    | Note
-------+----------+-------------------------------------------
     0 | D:1      | Drazool the Armataur Fighter began the quest for the Orb.
     0 | D:1      | Reached XP level 1. HP: 19/19 MP: 1/1
    23 | D:1      | Reached skill level 2 in Maces & Flails
   130 | D:1      | Reached XP level 2. HP: 26/26 MP: 2/2
   390 | D:1      | Reached skill level 3 in Maces & Flails
   500 | D:1      | Reached XP level 3. HP: 25/32 MP: 3/3
  1033 | D:2      | Reached skill level 4 in Maces & Flails
  1033 | D:2      | Reached XP level 4. HP: 39/39 MP: 4/4
  1043 | D:2      | Found a faded altar of an unknown god.
  1218 | D:3      | Found a glowing golden altar of the Shining One.
  1523 | D:3      | Reached XP level 5. HP: 44/44 MP: 5/5
  1658 | D:3      | Reached skill level 5 in Maces & Flails
  2061 | D:4      | Found a staircase to the Ecumenical Temple.
  2066 | Temple   | Entered the Ecumenical Temple
  2303 | D:4      | Found a shadowy altar of Dithmenos.
  2320 | D:4      | Noticed a lemure
  2320 | D:4      | Noticed a lemure
  2331 | D:4      | Killed a lemure
  2348 | D:4      | Killed a lemure
  2403 | D:4      | Noticed Eustachio
  2403 | D:4      | Noticed Robin
  2417 | D:4      | Killed Robin
  2427 | D:4      | Killed Eustachio
  2428 | D:4      | Reached skill level 6 in Maces & Flails
  2428 | D:4      | Reached XP level 6. HP: 48/53 MP: 6/6
  2804 | D:4      | Noticed Pikel
  2827 | D:4      | Killed Pikel
  2828 | D:4      | Reached skill level 8 in Maces & Flails
  2828 | D:4      | Reached XP level 7. HP: 19/59 MP: 7/7
  3054 | D:4      | Reached XP level 8. HP: 66/66 MP: 8/8
  3056 | D:4      | Found a shimmering altar of Xom.
  3169 | D:4      | Found an opulent altar of Gozag.
  3169 | D:4      | Found a sparkling altar of Nemelex Xobeh.
  3473 | D:5      | Entered Level 5 of the Dungeon
  3693 | D:5      | Reached skill level 9 in Maces & Flails
  3980 | D:5      | Noticed a hornet
  3985 | D:5      | Noticed domi's ghost (weakling SpWr)
  3987 | D:5      | Found a transporter.
  3992 | D:5      | Found a transporter.
  4091 | D:5      | Found a hazy altar of Hepliaklqana.
  4575 | D:6      | Reached skill level 10 in Maces & Flails
  4814 | D:6      | Gained mutation: Your natural rate of healing is unusually
                  | fast. [potion of mutation]
  4814 | D:6      | Gained mutation: Your flesh is heat resistant. (rF+)
                  | [potion of mutation]
  4814 | D:6      | Gained mutation: You are robust. (+10% HP) [potion of
                  | mutation]
  4814 | D:6      | Gained mutation: You sometimes lose your temper in combat.
                  | [potion of mutation]
  4814 | D:6      | Gained mutation: Your flesh is very heat resistant. (rF++)
                  | [potion of mutation]
  4814 | D:6      | Gained mutation: You have a pair of small horns on your
                  | head. [potion of mutation]
  4828 | D:6      | Lost mutation: You are robust. (+10% HP) [potion of
                  | mutation]
  4828 | D:6      | Lost mutation: You sometimes lose your temper in combat.
                  | [potion of mutation]
  4828 | D:6      | Lost mutation: Your natural rate of healing is unusually
                  | fast. [potion of mutation]
  4828 | D:6      | Lost mutation: Your flesh is very heat resistant. (rF++)
                  | [potion of mutation]
  4828 | D:6      | Lost mutation: You have a pair of small horns on your head.
                  | [potion of mutation]
  4828 | D:6      | Lost mutation: Your flesh is heat resistant. (rF+) [potion
                  | of mutation]
  4828 | D:6      | Gained mutation: Your flesh is cold resistant. (rC+)
                  | [potion of mutation]
  4828 | D:6      | Gained mutation: Your spells are a little easier to cast,
                  | but a little less powerful. [potion of mutation]
  4828 | D:6      | Gained mutation: You are frail. (-10% HP) [potion of
                  | mutation]
  4828 | D:6      | Gained mutation: You do not regenerate when monsters are
                  | visible. [potion of mutation]
  4828 | D:6      | Gained mutation: You have supernaturally acute eyesight.
                  | (SInv) [potion of mutation]
  5083 | D:6      | Reached skill level 11 in Maces & Flails
  5083 | D:6      | Reached XP level 9. HP: 51/65 MP: 9/9
  5135 | D:5      | HP: 1/65 [orc warrior/+0 battleaxe (13)]
  5136 | D:5      | Mangled by an orc warrior

Vanquished Creatures
  Pikel (D:4)
  Eustachio (D:4)
  2 orc warriors (D:6)
  A black bear (D:4)
  An ogre (D:5)
  4 lemures (D:4)
  A phantom (D:6)
  2 scorpions (D:4)
  2 jellies (D:6)
  5 orc priests
  3 hounds
  2 sleepcaps
  2 iguanas (D:5)
  5 orc wizards
  Robin (D:4)
  13 gnolls
  10 adders
  2 shadow imps
  A white imp (D:4)
  18 orcs
  7 bats
  6 endoplasms
  6 giant cockroaches
  18 goblins
  7 hobgoblins
  7 jackals
  A quokka (D:5)
  10 ball pythons
  2 frilled lizards (D:1)
  13 kobolds
  6 rats
160 creatures vanquished.

Vanquished Creatures (others)
  An orc wizard (D:6)
1 creature vanquished.

Grand Total: 161 creatures vanquished

Table legend: (Time is in decaauts)
 A = Elapsed time spent in this place.
 B = Non-inter-level travel time spent in this place.
 C = Inter-level travel time spent in this place.
 D = Time resting spent in this place.
 E = Time spent auto-exploring this place.
 F = Levels seen in this place.
 G = Mean time per level.
                   A        B        C        D        E       F      G
               +--------+--------+--------+--------+--------+-----+--------+
         Total |   5076 |   4708 |    368 |    206 |   3276 |   7 |  725.1 |
       Dungeon |   4785 |   4425 |    360 |    103 |   3107 |   6 |  797.5 |
        Temple |    291 |    283 |      8 |    103 |    169 |   1 |  291.0 |
               +--------+--------+--------+--------+--------+-----+--------+

Top non-repeatable levels by time:
     D:4: 1399 daAuts
     D:3: 919 daAuts
     D:5: 706 daAuts
     D:1: 616 daAuts
     D:2: 575 daAuts
     D:6: 568 daAuts
  Temple: 291 daAuts

Table legend:
 A = Non-vault XP
 B = Vault XP
 C = Vault XP percentage of total XP
 D = Non-vault monster count
 E = Vault monster count
 F = Vault count percentage of total count
                 A         B        C        D         E       F
            +---------+---------+-------+---------+---------+-------
      Total |    1907 |     998 |  34.4 |     129 |      28 |  17.8
            +---------+---------+-------+---------+---------+-------
        D:1 |      44 |       0 |   0.0 |      27 |       0 |   0.0
        D:2 |      56 |       0 |   0.0 |      13 |       0 |   0.0
        D:3 |     101 |      29 |  22.3 |      14 |      10 |  41.7
        D:4 |     596 |     892 |  59.9 |      36 |      16 |  30.8
        D:5 |     328 |      77 |  19.0 |      12 |       2 |  14.3
        D:6 |     782 |       0 |   0.0 |      27 |       0 |   0.0
            +---------+---------+-------+---------+---------+-------
